 Dungeon Crawl Stone Soup version 0.31.0-32-g396128a36d (webtiles) character file.

Game seed: 13151176196055898998

5380 GlitchBorne the Mimic (level 10, -1/108 HPs)
             Began as an Octopode Shapeshifter on Mar 18, 2024.
             Was an Initiate of Gozag.
             Slain by a yak (8 damage)
             ... on level 9 of the Dungeon.
             The game lasted 00:15:19 (9416 turns).

GlitchBorne the Mimic (Octopode Shapeshifter)       Turns: 9416, Time: 00:15:20

Health: -1/108     AC: 25    Str: 13    XL:     10   Next: 66%
Magic:  10/10      EV:  2    Int: 22    God:    Gozag
Gold:   446        SH:  0    Dex: 17    Spells: 9/9 levels left

rFire   + +          +
                       - Unarmed
rCold   + . .        (no shield)
rNeg    + . .        M - melded +2 hat
rPois   +            (no amulet)
rElec   .            Z - ring of wizardry
rCorr   .            D - +6 ring of dexterity
SInv    +            s - ring of Gamnaip {rF+ rN+ Will+ Int+4 SInv}
Will    +....        C - ring of protection from cold
Stlth   +++          L - ring of flight
HPRegen 0.38/turn    I - ring of protection from fire
MPRegen 0.12/turn    J - ring of protection from fire
                     (no ring)

%: wizardry (x1)
@: tree-form, gold aura
A: stationary, stasis, torment immunity, boosted hp, almost no armour,
(amphibious), 8 rings, (camouflage 1), (gelatinous body 1), (nimble swimmer 1),
(tentacles)
a: Renounce Religion, Potion Petition, Call Merchant, Bribe Branch


You were on level 9 of the Dungeon.
You worshipped Gozag.
Gozag was aware of your devotion.
You were a tree.
You visited 2 branches of the dungeon, and saw 10 of its levels.
You also visited: Ossuary.

You collected 600 gold pieces.
You spent 26 gold pieces at shops.
You paid 128 gold pieces to Gozag.


Innate Abilities, Weirdness & Mutations

You are a tree.
Your roots penetrate the ground, keeping you stationary.
You cannot be teleported.
You are immune to unholy pain and torment.
Your maximum health is greatly increased.
You cannot wear most types of armour.
((You are amphibious.))
You can wear up to eight rings at the same time.
((Your skin changes colour to match your surroundings (Stealth+).))
((Your rubbery body absorbs attacks. (AC +1, EV +1)))
((You are camouflaged when in or above water. (Stealth+)))
((You have tentacles for arms and can constrict up to eight enemies at once.))


   Skills:
 - Level 8.0 Fighting
 - Level 5.0 Dodging
 - Level 5.0 Stealth
 - Level 8.0 Unarmed Combat
 - Level 2.0 Evocations
 + Level 9.1 Shapeshifting


You had 9 spell levels left.
You didn't know any spells.
Your spell library contained the following spells:

 Spells                   Type           Power      Damage    Failure   Level
 Freeze                   Ice            0%         1d3       7%          1
 Frozen Ramparts          Ice            0%         1d1       21%         3
 Fugue of the Fallen      Necr           0%         N/A       21%         3
 Hailstorm                Conj/Ice       0%         3d5       21%         3
 Leda's Liquefaction      Alch/Erth      0%         N/A       52%         4
 Vhi's Electric Charge    Tloc/Air       0%         N/A       52%         4
 Arcjolt                  Conj/Air       0%         1d10      86%         5
 Summon Forest            Summ/Tloc      0%         N/A       86%         5
 Eringya's Noxious Bog    Alch           0%         4d6       100%        6
 Plasma Beam              Fire/Air       0%         2x1d10    100%        6
 Sculpt Simulacrum        Ice/Alch       0%         N/A       100%        6
 Summon Hydra             Summ           0%         N/A       100%        7

Inventory:

Hand Weapons
 k - a +2 dagger of draining
Missiles
 u - 2 throwing nets {=f}
Armour
 M - a +2 hat (melded)
Jewellery
 f - a ring of fire
 s - the ring of Gamnaip (on tentacle) {rF+ rN+ Will+ Int+4 SInv}
   (You found it on level 4 of the Dungeon)

   [ring of see invisible]

   Int+4:     It affects your intelligence (+4).
   rF+:       It protects you from fire.
   rN+:       It protects you from negative energy.
   Will+:     It increases your willpower.
   SInv:      It lets you see invisible.
 C - a ring of protection from cold (on tentacle)
 D - a +6 ring of dexterity (right branch)
 F - a ring of fire
 I - a ring of protection from fire (on tentacle)
 J - a ring of protection from fire (on tentacle)
 L - a ring of flight (on tentacle)
 Z - a ring of wizardry (left branch)
Talismans
 b - a beast talisman
 c - a flux talisman (active)
 G - a serpent talisman
Wands
 v - a wand of polymorph (12)
 w - a wand of charming (6)
 K - a wand of quicksilver (6)
Scrolls
 d - 3 scrolls of poison {unknown}
 e - 2 scrolls of vulnerability {unknown}
 g - 4 scrolls of teleportation {unknown}
 m - 2 scrolls of blinking {unknown}
 p - 2 scrolls of noise {unknown}
 q - 2 scrolls of immolation {unknown}
 r - a scroll of fear {unknown}
 y - a scroll of amnesia {unknown}
 B - 2 scrolls of revelation {unknown}
 E - a scroll of fog {unknown}
 H - a scroll of enchant armour {unknown}
Potions
 a - 2 potions of lignification
 h - 2 potions of magic
 i - 2 potions of enlightenment {unknown}
 j - 4 potions of mutation
 l - 2 potions of haste {@q3}
 n - a potion of resistance {unknown}
 o - 3 potions of brilliance
 t - a potion of attraction {unknown}
 x - 3 potions of curing {unknown}
 z - a potion of invisibility {unknown}
 A - a potion of might {unknown}

Dungeon Overview and Level Annotations

Branches:
Dungeon (9/15)             Temple (1/1) D:7         Ossuary (visited)
   Lair: D:8-11         Orc: D:9-12

Altars:
Ashenzari
Cheibriados
Dithmenos
Elyvilon
Fedhas
Gozag
Hepliaklqana
Kikubaaqudgha
Makhleb
Okawaru
Qazlal
Ru
Sif Muna
Trog
Uskayaw
Vehumet
Wu Jian
Xom
Yredelemnul
Zin

Shops:
D:3 ?

Annotations:
D:5 1 runed translucent door, Blork the orc, Crazy Yiuf
D:8 1 transporter

'.....# #.....#
#.....# #.....#
#.>...# #.....#
#.....# #...Y♣#
#.###Y# #...YY+ .
#.....# ..
########.....# ...
#...+.$......#
#...#...#.#......#
#..YY.....#......#
#....▓▓▓.........#


You could see 4 yaks.


Message History

Unknown command.
You smack the yak!
The yak is moderately wounded.
Unknown command.
You hit the yak but do no damage.
The yak is moderately wounded.
The yak gores you but does no damage. The yak gores you.
* * * LOW HITPOINT WARNING * * *
You pummel the yak!!
The yak is almost dead.
The yak is no longer distracted by gold.
The yak gores you but does no damage. x2
Unknown command.
You pummel the yak!!
You kill the yak!
Your Shapeshifting skill increases to level 9!
Unknown command.
You smack the yak!
The yak is moderately wounded.
The yak gores you but does no damage. The yak gores you!
* * * LOW HITPOINT WARNING * * *
You hit the yak but do no damage. You punch the yak.
The yak is moderately wounded.
The yak gores you but does no damage. The yak barely misses you.
Unknown command.
You barely miss the yak.
The yak is moderately wounded.
The yak gores you!
You die...
Your body crumbles into a pile of gold.

Skill      XL: |  1  2  3  4  5  6  7  8  9 10 |
---------------+-------------------------------+-----
Fighting       | 2 4 5 7 8 |  8.0
Shapeshifting  | 4 5 7 9 |  9.1
Unarmed Combat | 5 7 8 |  8.0
Dodging        | 5 |  5.0
Stealth        | 5 |  5.0
Evocations     | 2 |  2.0

Action                     |  1- 3 |  4- 6 |  7- 9 | 10-12 || total
---------------------------+-------+-------+-------+-------++-------
  Melee: Unarmed           |    81 |    72 |   241 |   136 ||   530
         Constrict         |    21 |    21 |    75 |    26 ||   143
         Tentacles         |    15 |    21 |   109 |    37 ||   182
         Punch             |     1 |       |     5 |     1 ||     7
         Dagger            |       |     5 |    92 |     2 ||    99
  Evoke: Wand              |       |       |     1 |       ||     1
    Use: Scroll            |       |     2 |     1 |     1 ||     4
         Potion            |       |       |     1 |     1 ||     2
   Stab: Sleeping          |     3 |     2 |     2 |     1 ||     8
         Distracted        |       |       |     2 |     1 ||     3
 Armour: Skin              |    20 |    28 |   142 |    62 ||   252
  Dodge: Dodged            |    54 |    37 |   261 |    97 ||   449
   Form: Flux              |       |       |     1 |       ||     1

Levels and vault maps discovered:
D:1:      nicolae_arrival_memento_mori, layout_basic
D:2:      layout_basic, minmay_misc_feat_nine_boxes, kennysheep_donut,
          uniq_sigmund, uniq_terence
D:3:      cheibrodos_pilgrimage, layout_loops_ring, serial_shops,
          nicolae_square_shop
D:4:      layout_gridville, nicolae_ossuary_entry_ruins
D:5:      layout_cave_pools, mainiacjoe_overflow_chevrons, glass_columns_b,
          minivault_24, nicolae_tricolors, uniq_ijyb, uniq_crazy_yiuf_cottage,
          uniq_blork_the_orc, uniq_grinder
D:6:      layout_cave_pods, minmay_fractal_squares_5
D:7:      layout_loops_ring, minmay_temple_entry_antechambers
D:8:      gammafunk_beogh_shrine, layout_rooms, minmay_radiant, uniq_pikel
D:9:      cheibrodos_iron_armory, layout_stronghold, jmf_multi_god_temple,
          serial_shops, nicolae_shop_crystal, kennysheep_decorative_pillar,
          nicolae_shop_vocational, uniq_jeremiah, uniq_maurice,
          uniq_prince_ribbit1
Temple:   nicolae_temple_bog_church

Notes
Turn   | Place    | Note
-------+----------+-------------------------------------------
     0 | D:1      | GlitchBorne the Octopode Shapeshifter began the quest for
                  | the Orb.
     0 | D:1      | Reached XP level 1. HP: 13/13 MP: 1/1
    78 | D:1      | Reached skill level 2 in Fighting
    78 | D:1      | Reached XP level 2. HP: 19/19 MP: 2/2
   241 | D:1      | Reached XP level 3. HP: 25/25 MP: 3/3
   251 | D:1      | Reached skill level 3 in Fighting
   836 | D:2      | Noticed Sigmund
   847 | D:2      | Killed Sigmund
   848 | D:2      | Reached skill level 4 in Fighting
   848 | D:2      | Reached skill level 4 in Shapeshifting
   848 | D:2      | Reached XP level 4. HP: 6/33 MP: 4/4
   848 | D:2      | Reached XP level 5. HP: 7/37 MP: 5/5
  1286 | D:2      | Reached XP level 6. HP: 26/43 MP: 6/6
  1380 | D:2      | Reached skill level 5 in Shapeshifting
  1483 | D:2      | Noticed Terence
  1488 | D:2      | Killed Terence
  2251 | D:3      | Reached skill level 5 in Fighting
  2335 | D:3      | Found Kaovam's Magic Scroll Shop.
  2344 | D:3      | Bought a scroll of identify for 26 gold pieces
  2483 | D:3      | Reached XP level 7. HP: 27/50 MP: 7/7
  2784 | D:4      | Found a sand-covered staircase.
  2833 | Ossuary  | Entered an ossuary
  2887 | Ossuary  | Reached skill level 6 in Shapeshifting
  3220 | Ossuary  | Reached skill level 7 in Shapeshifting
  3236 | Ossuary  | Reached XP level 8. HP: 8/56 MP: 8/8
  3409 | Ossuary  | Reached skill level 6 in Fighting
  3681 | Ossuary  | Reached skill level 4 in Unarmed Combat
  3883 | D:4      | Identified the ring of Gamnaip {rF+ rN+ Will+ Int+4 SInv}
  4754 | D:5      | Entered Level 5 of the Dungeon
  4759 | D:5      | Reached skill level 7 in Fighting
  4759 | D:5      | Reached skill level 5 in Unarmed Combat
  4841 | D:5      | Found a hazy altar of Hepliaklqana.
  4855 | D:5      | Reached XP level 9. HP: 61/64 MP: 9/9
  4859 | D:5      | Reached skill level 6 in Unarmed Combat
  4973 | D:5      | Noticed Grinder
  4984 | D:5      | Killed Grinder
  5000 | D:5      | Noticed Ijyb
  5014 | D:5      | Killed Ijyb
  5015 | D:5      | Reached skill level 7 in Unarmed Combat
  5298 | D:5      | Found a runed translucent door.
  5298 | D:5      | Noticed Blork the orc
  5299 | D:5      | Noticed Crazy Yiuf
  5874 | D:6      | Reached skill level 3 in Dodging
  6205 | D:7      | Reached skill level 4 in Dodging
  6278 | D:7      | Reached skill level 5 in Dodging
  6278 | D:7      | Reached skill level 1 in Stealth
  6353 | D:7      | Reached skill level 3 in Stealth
  6449 | D:7      | Identified the +5 dagger "Giantslayer" {flame, rPois Str+2
                  | Int-4 Dex+3}
  6468 | D:7      | Reached skill level 4 in Stealth
  6674 | D:6      | Reached skill level 5 in Stealth
  7130 | D:6      | Reached XP level 10. HP: 66/71 MP: 10/10
  8457 | D:7      | Found a staircase to the Ecumenical Temple.
  8466 | Temple   | Entered the Ecumenical Temple
  8481 | Temple   | Became a worshipper of Gozag Ym Sagoz the Greedy
  8584 | D:8      | Noticed Pikel
  8620 | D:7      | Killed Pikel
  8621 | D:7      | Reached skill level 8 in Fighting
  8621 | D:7      | Reached skill level 8 in Unarmed Combat
  8696 | D:8      | Reached skill level 8 in Shapeshifting
  8977 | D:8      | Reached skill level 1 in Evocations
  9044 | D:8      | Got Zixa's Grimoire of the Adder and Darkness
  9134 | D:8      | Found a transporter.
  9195 | D:8      | Reached skill level 2 in Evocations
  9364 | D:9      | Noticed a rust devil
  9414 | D:9      | Reached skill level 9 in Shapeshifting
  9414 | D:9      | HP: 6/108 [yak (8)]
  9416 | D:9      | Slain by a yak

Vanquished Creatures
  Pikel (D:7)
  Grinder (D:5)
  Sigmund (D:2)
  2 wraiths (D:8)
  2 yaks (D:9)
  2 wyverns
  3 steam dragons
  An ice beast (D:5)
  A black bear (D:6)
  An orc warrior (D:8)
  2 sky beasts (D:7)
  A centaur (D:7)
  3 ogres
  A lemure (D:7)
  2 phantoms
  4 bullfrogs
  A gnoll sergeant (D:8)
  12 scorpions
  A howler monkey (D:5)
  3 jellies
  3 centaur zombies (Ossuary)
  3 hounds
  3 human zombies (Ossuary)
  2 orc priests
  4 sleepcaps
  Terence (D:2)
  2 iguanas
  Ijyb (D:5)
  2 scorpion zombies (Ossuary)
  8 orc wizards
  3 mummies (Ossuary)
  9 adders
  14 gnolls
  A shadow imp (D:8)
  2 ufetubi (D:6)
  An adder zombie (Ossuary)
  2 ribbon worms (D:2)
  2 dart slugs
  19 orcs
  10 endoplasms
  5 giant cockroaches
  4 gnoll zombies (Ossuary)
  6 goblins
  10 hobgoblins
  2 kobolds
  9 quokkas
  4 ball pythons
  3 ball python zombies (Ossuary)
  8 bats
  3 frilled lizards
  4 jackal zombies (Ossuary)
  3 orc zombies (Ossuary)
  7 rats
205 creatures vanquished.

Table legend: (Time is in decaauts)
 A = Elapsed time spent in this place.
 B = Non-inter-level travel time spent in this place.
 C = Inter-level travel time spent in this place.
 D = Time resting spent in this place.
 E = Time spent auto-exploring this place.
 F = Levels seen in this place.
 G = Mean time per level.
                   A        B        C        D        E       F      G
               +--------+--------+--------+--------+--------+-----+--------+
         Total |   9371 |   8701 |    670 |   1835 |   5329 |  11 |  851.9 |
       Dungeon |   8375 |   7735 |    640 |   1451 |   4985 |   9 |  930.6 |
        Temple |     30 |      1 |     29 |      0 |      0 |   1 |   30.0 |
       Ossuary |    964 |    964 |      0 |    384 |    344 |   1 |  964.0 |
               +--------+--------+--------+--------+--------+-----+--------+

Top non-repeatable levels by time:
     D:6: 1499 daAuts
     D:7: 1252 daAuts
     D:2: 1225 daAuts
     D:4: 1125 daAuts
     D:5: 1051 daAuts
 Ossuary: 964 daAuts
     D:3: 909 daAuts
     D:1: 635 daAuts
     D:8: 543 daAuts
     D:9: 133 daAuts
  Temple: 30 daAuts

Table legend:
 A = Non-vault XP
 B = Vault XP
 C = Vault XP percentage of total XP
 D = Non-vault monster count
 E = Vault monster count
 F = Vault count percentage of total count
                 A         B        C        D         E       F
            +---------+---------+-------+---------+---------+-------
      Total |    4560 |    3127 |  40.7 |     153 |      51 |  25.0
            +---------+---------+-------+---------+---------+-------
        D:1 |      49 |       0 |   0.0 |      31 |       0 |   0.0
        D:2 |     105 |     261 |  71.3 |      21 |       2 |   8.7
        D:3 |     160 |      83 |  34.2 |      14 |       5 |  26.3
        D:4 |     245 |       0 |   0.0 |      16 |       0 |   0.0
        D:5 |     599 |     294 |  32.9 |      15 |       2 |  11.8
        D:6 |     954 |     284 |  22.9 |      21 |       5 |  19.2
        D:7 |    1081 |     706 |  39.5 |      16 |       1 |   5.9
        D:8 |     635 |     423 |  40.0 |      15 |       2 |  11.8
        D:9 |     732 |       0 |   0.0 |       4 |       0 |   0.0
    Ossuary |       0 |    1076 | 100.0 |       0 |      34 | 100.0
            +---------+---------+-------+---------+---------+-------
